Map: [ESL] Goldenaura

Players

ByuN - Winner!

  • Race: Terran Terran
  • Spawn Location: 12:00

GuMiho

  • Race: Terran Terran
  • Spawn Location: 5:00

Event: ESL SC2 Masters 2023 Winter (Finals)

VOD

Have the link to the VOD?

Description

Time

  • Played on: Dec. 16, 2023, 2:27 p.m.
  • Length: 17:52

All games in this series

Show
View Real Time Build Order
Export as new Build Order

ByuN Terran - Winner!

Build Orders:  

Get SALT Encoding   

  12  0:00  SCV  
  13  0:12  SCV  
  14  0:17  Supply Depot  
  14  0:24  SCV  
  15  0:39  Barracks, SCV  
  16  0:43  Refinery  
  16  0:51  SCV  
  16  0:53  Refinery  
  17  1:03  SCV  
  18  1:15  SCV  
  19  1:26  Reaper  
  19  1:27  Orbital Command  
  19  1:31  Supply Depot  
  20  1:40  Factory  
  20  1:52  SCV  
  21  1:58  Reaper  
  22  2:04  SCV  
  23  2:17  SCV  
  24  2:24  Hellion  
  25  2:30  Reaper  
  25  2:35  SCV  
  27  2:38  Command Center  
  26  2:45  Hellion  
  26  2:47  SCV  
  26  2:50  Supply Depot  
  29  2:55  Starport  
  29  3:03  Barracks Reactor  
  30  3:08  Cyclone  
  30  3:12  SCV  
  32  3:23  Supply Depot  
  32  3:24  SCV  
  33  3:33  Medivac  
  35  3:36  SCV  
  36  3:47  Cyclone x2  
  36  3:48  Barracks Tech Lab, SCV  
  41  4:00  SCV  
  41  4:01  Refinery  
  42  4:12  SCV  
  42  4:16  Orbital Command  
  43  4:19  Cyclone x2  
  47  4:26  SCV  
  47  4:29  Raven  
  50  4:36  Supply Depot  
  50  4:37  Barracks Tech Lab  
  50  4:38  SCV  
  51  4:42  SCV  
  52  4:51  Cyclone  
  52  4:52  Cyclone  
  56  4:53  SCV  
  56  4:54  SCV  
  56  4:55  Supply Depot  
  58  5:05  SCV  
  58  5:06  SCV  
  58  5:17  SCV  
  58  5:18  SCV  
  60  5:24  Cyclone x2  
  61  5:29  SCV  
  61  5:30  SCV  
  56  5:41  Command Center  
  56  5:42  SCV x2  
  60  5:54  SCV x2  
  66  6:00  Marine  
  66  6:01  Stimpack, Refinery  
  61  6:06  SCV x2  
  61  6:08  Bunker  
  61  6:09  Barracks  
  61  6:10  Engineering Bay  
  61  6:11  Barracks, Starport Reactor  
  63  6:15  Engineering Bay  
  63  6:16  Siege Tank  
  63  6:18  SCV x2  
  67  6:23  Marine  
  69  6:30  SCV  
  69  6:31  SCV  
  71  6:38  Barracks  
  71  6:40  Barracks  
  71  6:42  SCV  
  71  6:43  SCV  
  71  6:44  Marine  
  74  6:51  Terran Infantry Weapons Level 1, Terran Infantry Armor Level 1  
  74  6:52  Siege Tank  
  74  6:54  Orbital Command, SCV  
  77  6:55  SCV  
  77  6:57  Starport Reactor, Marine x2  
  81  7:02  Marine  
  81  7:06  Marine x2  
  81  7:07  Missile Turret  
  84  7:09  Supply Depot  
  84  7:10  SCV x2  
  84  7:13  Missile Turret  
  84  7:14  Marine  
  84  7:15  Marine  
  88  7:17  Missile Turret  
  88  7:20  Marine  
  89  7:24  Marine x2  
  89  7:26  Supply Depot  
  89  7:27  SCV x2  
  89  7:28  Armory  
  93  7:30  Barracks Reactor  
  93  7:31  Barracks Reactor  
  93  7:32  Marine  
  93  7:33  Orbital Command  
  93  7:34  Supply Depot  
  94  7:38  Siege Tank  
  94  7:39  SCV x2  
  94  7:41  Medivac  
  94  7:43  Medivac  
  104  7:51  SCV x2  
  104  7:56  Marine x3  
  104  7:57  Marine  
  109  7:59  Combat Shield  
  109  8:01  Sensor Tower  
  109  8:03  SCV x2  
  109  8:08  SCV  
  109  8:09  Marine x2  
  109  8:10  Marine x2  
  109  8:12  Marine  
  115  8:17  Viking  
  115  8:21  Viking  
  115  8:27  Marine x6  
  115  8:29  Marine x2  
  115  8:32  Marine  
  124  8:35  Supply Depot  
  124  8:36  Supply Depot  
  124  8:46  Marine  
  125  8:55  Supply Depot  
  125  8:57  Siege Tank, Medivac x2, Marine x8  
  140  9:06  Refinery  
  140  9:07  Marine, Refinery  
  141  9:15  Supply Depot  
  141  9:16  Marine, Supply Depot, SCV x3  
  145  9:17  Terran Infantry Weapons Level 2  
  145  9:27  Medivac x2  
  145  9:28  Marine x6  
  145  9:29  Siege Tank, Marine  
  145  9:30  Marine  
  155  9:50  Marine x5  
  155  9:51  Command Center  
  160  9:55  Marine x2  
  160  9:57  Medivac x2  
  160  9:59  Barracks Reactor  
  166  10:00  Marine  
  166  10:03  Terran Infantry Armor Level 2  
  157  10:08  Marine  
  157  10:09  Marine x2  
  157  10:10  Siege Tank, Marine  
  158  10:18  Marine x2  
  160  10:23  Marine x2  
  162  10:33  Marine x2  
  162  10:34  Marine x2  
  166  10:36  Marine x2  
  166  10:37  Marine x2  
  166  10:39  Medivac x2  
  166  10:41  Marine x2  
  168  10:43  Siege Tank  
  168  10:49  Factory  
  171  10:51  Marine x2  
  173  10:57  Supply Depot, Marine x3  
  173  10:58  Supply Depot  
  173  11:03  Marine x3  
  173  11:04  Marine  
  173  11:05  Marine  
  173  11:06  Planetary Fortress  
  173  11:09  Marine x2  
  172  11:15  Marine x3  
  174  11:19  Siege Tank  
  174  11:21  Marine x4  
  174  11:23  Viking, Marine  
  184  11:26  Marine  
  184  11:27  Marine  
  184  11:31  Viking  
  188  11:33  Marine  
  188  11:39  Marine x3  
  191  11:40  Terran Infantry Weapons Level 3  
  191  11:42  Marine x2  
  191  11:44  SCV x3  
  196  11:47  Marine  
  196  11:48  Missile Turret  
  196  11:52  Marine  
  196  11:54  Marine x2  
  179  12:01  Marine  
  179  12:03  Marine  
  179  12:04  Marine x4  
  179  12:05  Marine  
  183  12:10  Marine  
  183  12:11  Marine x2  
  185  12:19  Marine  
  185  12:21  Marine x5  
  191  12:22  Barracks  
  191  12:24  Marine  
  191  12:25  Barracks, Siege Tank  
  191  12:27  Barracks  
  195  12:30  Viking x2  
  199  12:53  Marine  
  199  12:54  Marine x5  
  199  12:55  Marine  
  199  12:58  Marine  
  188  12:59  Marine  
  188  13:00  Siege Tank, Marine  
  181  13:11  Marine x2  
  181  13:12  Barracks Reactor x2, Marine x4  
  187  13:13  Marine  
  187  13:16  Missile Turret x2, Marine  
  187  13:17  Barracks Reactor, Marine  
  187  13:18  Terran Infantry Armor Level 3, Marine  
  187  13:19  Terran Vehicle Weapons Level 1  
  191  13:24  Siege Tank  
  194  13:28  SCV x3  
  194  13:29  Marine  
  194  13:30  Sensor Tower  
  194  13:32  Marine  
  194  13:33  Marine  
  200  13:39  Missile Turret  
  200  13:40  Missile Turret  
  200  14:02  Siege Tank, Marine  
  191  14:04  Siege Tank  
  191  14:06  Marine x7  
  191  14:07  Marine x2  
  191  14:08  Marine  
  186  14:11  Marine  
  186  14:12  Marine x4  
  187  14:20  Marine  
  187  14:23  Viking x2  
  192  14:24  Marine x4  
  194  14:33  Marine  
  194  14:34  Siege Tank  
  194  14:36  Marine x4  
  200  14:42  Marine  
  200  14:43  Marine  
  200  14:44  Marine x4  
  200  14:45  Marine x2  
  180  14:48  Marine  
  180  14:50  Marine  
  182  14:53  Medivac x2  
  182  14:54  Marine x4  
  182  14:55  Marine  
  182  14:59  Command Center  
  191  15:02  Siege Tank  
  191  15:06  Siege Tank  
  197  15:11  Marine x3  
  187  15:15  Marine  
  187  15:20  Marine  
  177  15:21  Marine  
  177  15:23  Marine  
  177  15:24  Marine  
  177  15:26  Marine  
  177  15:27  Marine  
  177  15:28  Marine  
  179  15:29  Marine  
  179  15:30  Marine  
  179  15:32  Marine  
  179  15:34  Siege Tank, Marine  
  187  15:38  Siege Tank, Marine  
  187  15:40  Marine  
  187  15:41  Marine  
  193  15:43  Marine x2  
  195  15:52  Marine x2  
  195  15:53  Marine x2  
  199  15:59  Marine  
  200  16:06  Siege Tank  
  200  16:25  Planetary Fortress  
  200  16:40  Command Center  
  200  16:45  Marine x2  
  200  16:46  Marine  
  193  16:51  Siege Tank x2, Marine x4  
  193  16:52  Marine x4  
  179  16:55  Marine x2  
  179  16:57  Marine  
  170  17:01  Viking x2  
  170  17:03  Marine x2  
  170  17:04  Marine  
  176  17:09  Marine x6  
  176  17:10  Marine  
  176  17:13  Marine  
  172  17:16  Marine x2  
  172  17:19  Marine  
  172  17:20  Marine  
  172  17:21  Marine  
  169  17:27  Marine x6  
  169  17:28  Marine  
  161  17:31  Marine  
  161  17:34  Marine  
Show
View Real Time Build Order
Export as new Build Order

GuMiho Terran 

Build Orders:  

Get SALT Encoding   

  12  0:00  SCV  
  13  0:12  SCV  
  14  0:17  Supply Depot  
  14  0:24  SCV  
  15  0:39  Barracks  
  15  0:43  Refinery  
  15  0:56  Barracks  
  15  1:00  SCV  
  16  1:12  SCV  
  16  1:13  Refinery  
  17  1:24  SCV  
  18  1:25  Reaper  
  19  1:36  Orbital Command  
  19  1:42  Reaper  
  20  1:52  Supply Depot  
  20  1:58  Reaper  
  21  2:02  SCV  
  22  2:14  Reaper  
  22  2:15  SCV  
  24  2:24  Factory  
  24  2:29  SCV  
  25  2:43  SCV  
  26  2:44  Reaper  
  26  2:48  Reaper  
  27  2:55  SCV  
  28  3:07  SCV  
  28  3:08  Factory Reactor  
  28  3:10  Supply Depot  
  29  3:15  Command Center  
  29  3:20  SCV  
  30  3:27  Starport  
  30  3:32  SCV  
  31  3:44  Cyclone x2  
  31  3:46  SCV  
  36  3:58  SCV  
  37  4:07  Starport Tech Lab  
  37  4:09  Supply Depot  
  37  4:10  SCV  
  38  4:22  SCV  
  39  4:27  Orbital Command, Cyclone x2  
  43  4:32  Raven  
  43  4:34  SCV  
  43  4:35  Barracks Tech Lab  
  46  4:46  SCV, Refinery  
  47  4:53  SCV  
  47  4:58  SCV  
  49  5:04  Command Center  
  49  5:06  Raven  
  44  5:14  Cyclone  
  44  5:16  SCV x2  
  45  5:28  SCV x2  
  43  5:40  SCV x2  
  43  5:42  Raven  
  40  5:52  SCV x2  
  42  6:04  Siege Tank, SCV x2  
  42  6:05  Marine x2  
  49  6:16  Orbital Command, SCV x2  
  51  6:22  Starport Reactor  
  51  6:24  Barracks, Marine x2  
  51  6:25  Stimpack, Marine  
  54  6:28  SCV x2  
  56  6:33  Supply Depot  
  56  6:36  Siege Tank  
  58  6:40  SCV x2  
  58  6:42  Marine x2  
  58  6:43  SCV, Marine  
  64  6:52  SCV  
  64  6:53  SCV  
  64  6:54  Engineering Bay  
  66  6:55  SCV  
  66  6:59  Engineering Bay  
  66  7:00  Marine x2  
  69  7:02  Marine  
  69  7:05  SCV x2  
  69  7:07  SCV  
  69  7:08  Liberator  
  76  7:10  Liberator  
  76  7:13  Barracks Reactor  
  79  7:20  Refinery  
  85  7:27  Terran Infantry Weapons Level 1  
  85  7:28  Terran Infantry Armor Level 1  
  79  7:32  Barracks  
  79  7:34  Missile Turret  
  79  7:35  Barracks  
  79  7:36  Supply Depot  
  79  7:37  Supply Depot  
  79  7:41  Marine  
  79  7:42  Marine x2  
  82  7:49  Marine x2  
  84  7:52  Missile Turret  
  84  7:53  Orbital Command  
  84  7:58  Siege Tank, SCV  
  87  7:59  Marine x2  
  87  8:04  Medivac  
  87  8:05  Medivac  
  94  8:08  SCV  
  94  8:09  Marine  
  94  8:10  SCV, Marine x2  
  99  8:17  Marine  
  99  8:18  Supply Depot  
  99  8:19  SCV  
  101  8:26  Barracks Reactor x2  
  101  8:27  Supply Depot  
  101  8:28  Supply Depot, SCV  
  101  8:31  Marine x4  
  105  8:35  SCV x2  
  105  8:40  Marine, SCV  
  109  8:41  Combat Shield  
  109  8:47  Siege Tank  
  112  8:49  Marine x2  
  112  8:51  Marine x2  
  115  8:59  Marine  
  115  9:02  Marine x4  
  116  9:04  SCV  
  116  9:05  SCV  
  116  9:06  Marine x2  
  116  9:08  SCV  
  122  9:16  SCV  
  123  9:17  SCV  
  123  9:18  Supply Depot  
  123  9:19  Sensor Tower  
  123  9:21  Supply Depot  
  123  9:23  Siege Tank  
  127  9:30  Armory  
  127  9:32  Marine x2  
  127  9:33  Marine x2  
  127  9:36  Marine x2  
  133  9:40  Marine x2  
  133  9:43  Medivac x2  
  133  9:45  SCV x2  
  141  9:50  Marine x3, SCV  
  145  9:57  SCV x2  
  147  10:01  Marine x2  
  147  10:02  SCV, Marine  
  148  10:09  Marine  
  149  10:15  Supply Depot  
  149  10:16  Supply Depot  
  149  10:17  Marine x5  
  149  10:19  Terran Infantry Weapons Level 2, Terran Infantry Armor Level 2, Marine  
  155  10:36  Command Center  
  154  10:44  Marine x7  
  154  10:45  Siege Tank, Marine  
  154  10:47  Medivac  
  167  10:51  Marine, Medivac  
  170  10:57  SCV, Supply Depot  
  170  10:59  Supply Depot  
  170  11:01  Marine  
  170  11:02  Marine x3  
  163  11:06  Marine x4  
  163  11:09  Marine  
  168  11:12  SCV x3  
  171  11:19  Marine x4  
  171  11:21  Siege Tank  
  171  11:24  SCV x3, Marine x4  
  185  11:27  Marine  
  186  11:37  Marine x4  
  190  11:41  Marine  
  190  11:42  Marine x2  
  190  11:43  Marine  
  190  11:45  Marine  
  195  11:55  Sensor Tower, Marine x4  
  195  11:59  Marine x2  
  195  12:00  Marine x2  
  183  12:02  Marine  
  167  12:13  Marine x4  
  167  12:14  Siege Tank  
  167  12:15  Medivac x2  
  170  12:17  Marine x2  
  170  12:18  Marine x2  
  170  12:20  Marine  
  170  12:21  Command Center  
  175  12:24  Refinery  
  175  12:25  Starport x2, Refinery  
  175  12:30  Marine  
  175  12:31  Marine x3  
  175  12:35  Marine x2  
  175  12:36  SCV, Marine x2  
  186  12:37  SCV x2  
  184  12:45  Terran Infantry Weapons Level 3  
  184  12:46  Marine  
  184  12:48  Marine  
  184  12:49  Marine x3, SCV  
  190  12:53  Marine x2  
  190  12:55  Marine  
  186  12:59  Marine  
  186  13:04  Marine  
  182  13:05  SCV  
  182  13:06  Marine x2, SCV x2  
  182  13:07  Marine x2  
  182  13:10  Marine  
  182  13:11  Marine  
  191  13:13  Terran Infantry Armor Level 3, Marine  
  191  13:16  Starport Tech Lab x2  
  191  13:18  SCV x2  
  191  13:19  SCV  
  197  13:36  SCV, Marine  
  197  13:42  Raven  
  199  13:49  Command Center  
  199  13:51  Command Center  
  199  13:53  Raven  
  199  13:54  Interference Matrix  
  198  13:57  Terran Vehicle Weapons Level 1  
  153  14:10  Marine  
  153  14:14  Command Center  
  153  14:15  Siege Tank  
  157  14:23  Medivac x2  
  150  14:44  Raven x2  
  144  14:46  SCV x2  
  144  14:47  Siege Tank, SCV  
  150  14:55  Marine x2  
  150  14:58  SCV, Marine x2  
  150  14:59  Marine  
  155  15:00  Marine x2  
  158  15:07  Marine x2  
  158  15:13  Marine  
  161  15:19  Siege Tank  
  151  15:28  Marine x2  
  148  15:30  Marine x4  
  148  15:32  Marine x2  
  148  15:33  Marine  
  157  15:39  Raven x2  
  161  15:46  Marine x2  
  161  15:48  Marine  
  163  15:51  Siege Tank  
  163  15:54  Marine x6  
  171  16:04  Marine  
  172  16:15  Raven x2  
  176  16:19  Marine x3  
  176  16:20  Marine x5  
  176  16:21  Marine  
  176  16:23  Siege Tank  
  176  16:24  Orbital Command  
  188  16:37  Marine x3  
  191  16:40  Marine x6  
  192  16:55  Marine x3  
  192  16:58  Marine x4  
  192  17:02  Marine x2  
  193  17:14  Marine x3  
  186  17:15  Marine  
  186  17:16  Marine  
Tags
 
Add a new tag
Caveats
  • Supply blocks, unpowered buildings, or Contaminate may cause inaccurate times.
  • Supply counts are checked every 10 seconds.